 Dungeon Crawl Stone Soup version 0.30-a0-800-g7c54460 (webtiles) character file.

Game seed: 875805504850945462

32 Illumine the Trooper (level 3, -1/37 HPs)
             Began as an Ogre Gladiator on Feb 22, 2023.
             Slain by Natasha (7 damage)
             ... on level 2 of the Dungeon.
             The game lasted 00:01:28 (1239 turns).

Illumine the Trooper (Ogre Gladiator)               Turns: 1239, Time: 00:01:28

Health: -1/37      AC:  3    Str: 26    XL:     3   Next: 25%
Magic:  3/3        EV: 10    Int:  9    God:
Gold:   39         SH:  0    Dex: 10    Spells: 2/2 levels left

rFire   . . .      SeeInvis .    a - +0 flail
rCold   . . .      Faith    .    (no shield)
rNeg    + . .      Spirit   .    b - +0 robe
rPois   .          Reflect  .    c - +0 hat
rElec   .          Harm     .    (no cloak)
rCorr   .          Rampage  .    (gloves unavailable)
Will    .....                    (boots unavailable)
Stlth   +                        (no amulet)
HPRegen 0.26/turn                j - +6 ring of strength
MPRegen 0.08/turn                k - ring of positive energy

@: no status effects
A: large, unfitting armour, tough skin 1
a: no special abilities


You were on level 2 of the Dungeon.
You visited 1 branch of the dungeon, and saw 2 of its levels.

You collected 65 gold pieces.
You spent 26 gold pieces at shops.

Inventory:

Hand Weapons
 a - a +0 flail (weapon)
Missiles
 d - 3 throwing nets (quivered)
 e - a large rock
 g - 5 poisoned darts
Armour
 b - a +0 robe (worn)
 c - a +0 hat (worn)
Jewellery
 f - a ring of wizardry
 j - a +6 ring of strength (left hand)
 k - a ring of positive energy (right hand)
 o - an amulet of regeneration
Scrolls
 i - a scroll of enchant armour
 l - a scroll of brand weapon {unknown}
Potions
 h - a potion of flight {unknown}
 m - a potion of invisibility {unknown}
 n - a potion of experience {unknown}
 p - a potion of magic {unknown}


   Skills:
 + Level 3.2 Fighting
 * Level 3.2 Maces & Flails
 + Level 2.3 Throwing
 + Level 2.9 Dodging


You had 2 spell levels left.
You didn't know any spells.
Your spell library was empty.

Dungeon Overview and Level Annotations

Branches:
Dungeon (2/15)

Altars:

Shops:
D:1 *

Annotations:
D:2 Natasha


Innate Abilities, Weirdness & Mutations

You are too large for most types of armour.
You have tough skin. (AC +1)


Message History

* * * LOW HITPOINT WARNING * * *
Natasha casts a spell.
You hit Natasha but do no damage.
Natasha is severely wounded.
Natasha mumbles some strange words.
You barely miss Natasha.
Natasha is severely wounded.
Natasha claws you.
* * * LOW HITPOINT WARNING * * *
You completely miss Natasha.
Natasha is severely wounded.
Natasha closely misses you.
You barely miss Natasha.
Natasha is severely wounded.
Natasha barely misses you.
The crimson imp blinks!
You hit Natasha but do no damage.
Natasha is severely wounded.
Natasha claws you.
* * * LOW HITPOINT WARNING * * *
The crimson imp hits you.
* * * LOW HITPOINT WARNING * * *
Natasha claws you.
* * * LOW HITPOINT WARNING * * *
You closely miss Natasha.
Natasha is severely wounded.
The crimson imp barely misses you.
Natasha mumbles some strange words.
The crimson imp shouts, "Leave, thou foppish weeb-spouting haggard!"
The crimson imp blinks!
You barely miss Natasha. You punch Natasha, but do no damage.
Natasha is severely wounded.
Natasha claws you but does no damage.
You closely miss Natasha.
Natasha is severely wounded.
Natasha claws you.
* * * LOW HITPOINT WARNING * * *
You hit Natasha.
Natasha is almost dead.
Natasha claws you!
You die...

##### #...#
#.#.######
#.#)#.@h5#
#.#.#5##.#
#.#.#..# #
###########.#.##.#
............#....#
...###############
...# ...# ####


You could see Natasha, a crimson imp (summoned) and a shadow imp (summoned).

Vanquished Creatures
  3 dart slugs (D:1)
  A ball python (D:1)
  2 bats (D:1)
  An endoplasm (D:1)
  4 giant cockroaches (D:1)
  A hobgoblin (D:1)
  3 kobolds
  4 quokkas (D:1)
  3 rats
22 creatures vanquished.

Notes
Turn   | Place    | Note
-------+----------+-------------------------------------------
     0 | D:1      | Illumine the Ogre Gladiator began the quest for the Orb.
     0 | D:1      | Reached XP level 1. HP: 22/22 MP: 1/1
   198 | D:1      | Reached XP level 2. HP: 29/29 MP: 2/2
   248 | D:1      | Found Itreod's General Store.
   629 | D:1      | Bought a scroll of identify for 26 gold pieces
   872 | D:1      | Reached XP level 3. HP: 35/37 MP: 3/3
  1224 | D:2      | Noticed Natasha
  1239 | D:2      | Slain by Natasha

Illustrated notes

Levels and vault maps discovered:
D:1:      kilobyte_arrival_exit_the_forest, layout_basic, serial_forest,
          infiniplex_forest_straight_4, infiniplex_forest_zigzag_2,
          infiniplex_forest_end_2, infiniplex_forest_straight_4,
          infiniplex_forest_lined_room_2, infiniplex_forest_straight_5,
          serial_shops, shop_statue
D:2:      layout_basic, basic_altar, patterned_corridor, uniq_natasha

Skill      XL: |  1  2 |
---------------+-------+-----
Fighting       | 3 |  3.2
Maces & Flails | 3 |  3.2
Throwing       | |  2.3
Dodging        | |  2.9

Action                     || total
---------------------------++-------
  Melee: Flail             ||    61
         Punch             ||     2
    Use: Scroll            ||     1
 Armour: Robe              ||    16
  Dodge: Dodged            ||    30

Table legend: (Time is in decaauts)
 A = Elapsed time spent in this place.
 B = Non-inter-level travel time spent in this place.
 C = Inter-level travel time spent in this place.
 D = Time resting spent in this place.
 E = Time spent auto-exploring this place.
 F = Levels seen in this place.
 G = Mean time per level.
                   A        B        C        D        E       F      G
               +--------+--------+--------+--------+--------+-----+--------+
         Total |   1252 |   1198 |     54 |      0 |    995 |   2 |  626.0 |
       Dungeon |   1252 |   1198 |     54 |      0 |    995 |   2 |  626.0 |
               +--------+--------+--------+--------+--------+-----+--------+

Top non-repeatable levels by time:
     D:1: 1149 daAuts
     D:2: 103 daAuts
